Map: Automaton LE

Players

Kloetenklaus

  • Race: Protoss Protoss
  • League: Gold
  • Spawn Location: 9:00

A.I. 1 (Very Easy) - Winner!

  • Race: Zerg Zerg
  • Spawn Location: 3:00

VOD

Have the link to the VOD?

Description

Time

  • Played on: March 1, 2019, 6:40 p.m.
  • Length: 8:06
Show
View Real Time Build Order
Export as new Build Order

Kloetenklaus Protoss 

Build Orders: 1 Gate Expand, Zealot Archon, Archon Drop 

Get SALT Encoding   

  12  0:01  Probe  
  13  0:13  Probe  
  14  0:20  Pylon  
  14  0:25  Probe  
  15  0:39  Gateway  
  15  0:43  Probe  
  15  0:48  Assimilator  
  16  0:55  Probe  
  17  1:07  Probe  
  18  1:29  Nexus  
  18  1:40  Cybernetics Core  
  18  1:44  Probe  
  19  2:00  Pylon  
  19  2:04  Gateway  
  19  2:08  Probe  
  20  2:15  Assimilator  
  20  2:20  Probe  
  21  2:25  Warp Gate  
  21  2:31  Stalker  
  21  2:37  Probe  
  23  2:40  Probe  
  25  2:45  Probe  
  25  2:48  Probe  
  26  2:53  Probe  
  26  2:56  Stalker  
  30  2:58  Probe  
  30  3:04  Probe  
  32  3:12  Probe  
  33  3:16  Probe  
  34  3:23  Assimilator  
  34  3:24  Probe  
  35  3:28  Probe  
  35  3:32  Pylon  
  36  3:36  Probe  
  36  3:38  Twilight Council  
  36  3:40  Probe  
  38  3:48  Probe  
  39  3:52  Probe  
  39  3:53  Sentry  
  42  4:00  Probe  
  43  4:05  Probe, Robotics Facility  
  43  4:08  Charge  
  44  4:12  Probe  
  44  4:14  Probe  
  44  4:15  Assimilator  
  46  4:20  Probe  
  46  4:22  Probe  
  46  4:29  Templar Archives  
  48  4:32  Gateway  
  48  4:33  Gateway  
  48  4:39  Gateway  
  48  4:42  Probe x2  
  51  4:52  Observer  
  51  4:54  Probe  
  52  5:07  Gateway  
  52  5:10  Forge, Gateway  
  52  5:15  Gateway  
  52  5:16  Warp Prism, Protoss Ground Weapons Level 1  
  54  5:32  Pylon  
  54  5:35  Pylon  
  54  5:43  Pylon  
  54  5:50  High Templar x2  
  54  5:51  High Templar x2  
  62  5:57  Archon x2  
  62  6:00  Zealot  
  64  6:13  High Templar x3  
  70  6:27  Pylon  
  70  6:29  Pylon  
  70  6:30  Pylon  
  70  6:33  Pylon  
  70  6:36  High Templar  
  70  6:38  Archon  
  72  6:41  High Templar  
  72  6:43  Zealot x2  
  72  6:46  Zealot x2  
  82  6:47  Zealot  
  84  7:00  Zealot  
  86  7:04  Zealot x2  
  90  7:09  Zealot  
  90  7:10  Zealot x3  
  98  7:20  Pylon  
  98  7:21  Pylon  
  98  7:22  Pylon  
  98  7:33  High Templar x2  
  98  7:34  Zealot  
  98  7:35  Zealot x2  
  98  7:36  Zealot  
  110  7:40  Archon x2  
  110  7:52  Zealot x2  
  110  7:55  Zealot  
  110  7:56  High Templar x2  
  120  7:58  Zealot  
Show
View Real Time Build Order
Export as new Build Order

A.I. 1 (Very Easy) Zerg - Winner!

Build Orders: Pool Only 

Get SALT Encoding   

  12  0:01  Drone  
  13  0:12  Overlord  
  13  0:17  Drone  
  14  0:35  Spawning Pool  
  14  0:38  Drone  
  14  0:42  Extractor  
  13  0:45  Drone  
  14  0:54  Overlord  
  14  1:23  Queen, Zergling x2  
  17  1:31  Roach Warren  
  16  1:34  Drone  
  17  1:40  Extractor  
  17  1:43  Drone  
  17  1:50  Zergling x2  
  18  2:02  Drone  
  19  2:09  Drone  
  20  2:17  Drone  
  20  2:18  Zergling x2  
  22  2:27  Overlord  
  22  2:32  Drone  
  23  2:39  Drone  
  24  2:46  Drone, Roach  
  27  6:56  Zergling x2  
  27  6:59  Queen  
  27  7:00  Drone  
  27  7:08  Drone  
  23  7:15  Drone  
  15  7:22  Drone  
  4  7:25  Roach  
  4  7:29  Drone  
  7  7:36  Drone  
  7  7:43  Drone  
  4  7:50  Drone  
Tags
 
Composition
Zealot Archon
League
Gold
Matchup
PvZ
Spawn Locations
Cross Positions
Strategy
Archon Drop
Add a new tag
Caveats
  • Supply blocks, unpowered buildings, or Contaminate may cause inaccurate times.
  • Supply counts are checked every 10 seconds.